[Event "*** Titled Tuesday Blitz"]
[Site "Chess.com"]
[Date "2020.11.03"]
[Round "11"]
[White "zmeeed67"]
[Black "ChSalas"]
[Result "0-1"]
[WhiteElo "2379"]
[BlackElo "2516"]
[TimeControl "180+1"]
[EndTime "12:11:27 PST"]
[Termination "ChSalas won by resignation"]

1. e4 e5 2. Nf3 Nc6 3. c3 Nf6 4. d4 exd4 5. e5 Ne4 6. cxd4 d5 7. a3 Be7 8. Be2 O-O 9. O-O Be6 10. Nc3 Nxc3 11.
bxc3 f6 12. exf6 Bxf6 13. Re1 Re8 14. Rb1 Na5 15. Bd3 Bf7 16. Be3 b6 17. Qc2 g6 18.
Bf4 Rxe1+ 19. Rxe1 Nc4 20. a4 Qd7 21. Bxc4 dxc4 22. Ne5 Re8 23. Re3 Qd5 24. h3 c5 25.
Nxf7 Kxf7 26. Rxe8 Kxe8 27. dxc5 Qxc5 28. Qe4+ Qe7 29.
Qxc4 Qe1+ 30. Kh2 Qxf2 31. Bg3 Qf5 32. Qc6+ Kf7 33. c4 Qe6 34. Qc7+ Qe7 35. Qf4 Kg7 36. Qf3 h6 37. Qd5 g5 38. Bd6 Qf7 39. Qe4 Qd7 40.
Be5 Qe7 41. Bxf6+ Qxf6 42. Qb7+ Qf7 43. Qe4 Qf4+ 44. Qxf4 gxf4 45. Kg1 Kf6 46. Kf2 Ke5 47. Kf3 Kf5 48. g3 fxg3 49. Kxg3 Ke4 50. Kg4 Kd4 51.
Kh5 Kxc4 52. Kxh6 a6 53. Kg7 b5 54. h4 bxa4 55. h5 a3 56. h6 a2 57. h7 a1=Q+ 58. Kg8 a5 59. h8=Q Qxh8+ 60. Kxh8 a4 0-1

[Event "*** Titled Tuesday Blitz"]
[Site "Chess.com"]
[Date "2020.11.03"]
[Round "11"]
[White "Chessbard1972"]
[Black "fabianvivasz"]
[Result "1-0"]
[WhiteElo "2293"]
[BlackElo "2361"]
[TimeControl "180+1"]
[EndTime "12:11:27 PST"]
[Termination "Chessbard1972 won on time"]

1. e4 e5 2. Nf3 Nc6 3. Bc4 Nf6 4.
Ng5 d5 5. exd5 b5 6. Bxb5 Qxd5 7. Nc3 Qxg2 8. Qf3 Qxf3 9. Nxf3 Bd7 10. d3 Bd6 11.
Rg1 Nh5 12. Ne4 f5 13. Nxd6+ cxd6 14. Bd2 Rb8 15. Ba4 e4 16. dxe4 fxe4 17. Bxc6 Bxc6 18. Nd4 Kd7 19. O-O-O Rhf8 20. Be3 g6 21. Rg5 Nf4 22. Ra5 Rb7 23. Nxc6 Kxc6 24. Rxa7 Rxa7 25. Bxa7 Nh3 26. Re1 Nxf2 27. Bxf2 Rxf2 28. Rxe4 Rxh2 29. a4 h5 30. b4 g5 31. Rc4+ Kb7 32. b5 g4 33. a5 g3 34.
a6+ Kb8 35. b6 g2 36. a7+ Kb7 37. Rc7+ Kxb6 38. Rg7 g1=Q+ 39. Rxg1 Kxa7 40. Rd1 Kb6 41. Rxd6+ Kc5 42. Rh6 h4 43. Kb2 h3 44. Rh5+ Kd4 45.
Rh4+ Ke3 46. Kb3 Rh1 47. Kc4 Kf3 48. Rh8 Kg2 49. c3 Rc1 50. Rg8+ Kf2 51. Rf8+ Kg1 52.
Rg8+ Kh1 53. Kd4 h2 54. Rh8 Kg1 55. c4 1-0

[Event "*** Titled Tuesday Blitz"]
[Site "Chess.com"]
[Date "2020.11.03"]
[Round "11"]
[White "DenLaz"]
[Black "kirillshevchenko"]
[Result "1-0"]
[WhiteElo "2763"]
[BlackElo "2861"]
[TimeControl "180+1"]
[EndTime "12:11:30 PST"]
[Termination "DenLaz won by resignation"]

1. d4 Nf6 2. c4 g6 3. g3 Bg7 4.
Bg2 O-O 5. Nc3 Nc6 6. Nf3 d6 7. O-O Bf5 8. d5 Na5 9. Nd2 c5 10. e4 Bd7 11. Qc2 a6 12. b3 b5 13. Bb2 Rb8 14. Rab1 e6 15. dxe6 Bxe6 16. Nd5 Nc6 17. a3 Nd4 18. Bxd4 cxd4 19. Nf4 Nd7 20. Nxe6 fxe6 21.
f4 Nc5 22. b4 d3 23. Qa2 Na4 24. cxb5 axb5 25. Qxe6+ Kh8 26. Nf3 Nc3 27. Rbe1 Re8 28. Qh3 Bf6 29. f5 g5 30. Qg4 Qe7 31. Nd2 Qa7+ 32.
Kh1 Qxa3 33. Qf3 Na4 34. e5 Bxe5 35. f6 Qxb4 36. Ne4 d2 37. Rd1 Nc3 38. Nxg5 Nxd1 39. Qh5 Nf2+ 40. Kg1 Nh3+ 41. Bxh3 Qd4+ 42. Kh1 Qd3 43.
Bg2 Qg6 44. Nf7+ Kg8 45. Nh6+ Kf8 46. Qh4 Re6 47. Ng4 d1=Q 48. Rxd1 Bxf6 49. Nxf6 Rxf6 50. Qd4 Kg7 51. Qa7+ Kg8 52. Qxb8+ Rf8 53. Qxb5 Rf6 54. Qd5+ Kg7 55. Qd3 Qf7 56. Qd4 h6 57. Rf1 1-0

[Event "*** Titled Tuesday Blitz"]
[Site "Chess.com"]
[Date "2020.11.03"]
[Round "11"]
[White "Loy_Konstantin"]
[Black "paulrusan"]
[Result "1-0"]
[WhiteElo "2382"]
[BlackElo "2209"]
[TimeControl "180+1"]
[EndTime "12:11:30 PST"]
[Termination "Loy_Konstantin won on time"]

1. e4 g6 2. d4 Bg7 3. Nc3 d6 4. f4 a6 5. a4 Nc6 6. Nf3 Bg4 7. Be3 Bxf3 8. gxf3 Nf6 9. Qd2 Nd7 10.
f5 gxf5 11. Rg1 Bf6 12. exf5 b5 13. axb5 axb5 14. Rxa8 Qxa8 15. Bxb5 Nb4 16. Ke2 c6 17.
Bd3 Nb6 18. Ne4 Nxd3 19. Nxf6+ exf6 20. Qxd3 Nd5 21. c4 Nxe3 22. Qxe3+ Kd7 23. Kf2 Re8 24. Qd2 Qa6 25. Rc1 Qa4 26. c5 d5 27. Qf4 Re5 28. Kg3 Re2 29. Qd6+ Kc8 30. Qf8+ Kb7 31. Qxf7+ Ka6 32.
Qxf6 Kb5 33. Qh8 Kb4 34. Qb8+ Qb5 35. Qxb5+ Kxb5 36. f6 Re6 37. f4 Rxf6 38. Re1 Kc4 39.
Rd1 Re6 40. Kg4 Re4 41. Kg5 Re2 42. h4 Rxb2 43. f5 Rf2 44. Kf6 h5 45. Ke6 Re2+ 46. Kd6 Rf2 47. Ke6 Re2+ 48. Kf7 Rh2 49. f6 Rxh4 50.
Kg6 Rf4 51. f7 h4 52. Kg7 h3 53. f8=Q Rxf8 54. Kxf8 h2 55. Ke7 h1=Q 56. Rxh1 Kxd4 57.
Kd6 Kc4 58. Kxc6 d4 59. Kd6 d3 60. c6 d2 61. c7 Kd3 62. Rd1 1-0

[Event "*** Titled Tuesday Blitz"]
[Site "Chess.com"]
[Date "2020.11.03"]
[Round "11"]
[White "KaterinaMiroshnik"]
[Black "cstevens1"]
[Result "0-1"]
[WhiteElo "2540"]
[BlackElo "2700"]
[TimeControl "180+1"]
[EndTime "12:11:32 PST"]
[Termination "cstevens1 won by resignation"]

1. d3 d5 2. c3 Nf6 3. Nf3 Nc6 4. Nbd2 e5 5. e3 e4 6. Nd4 Ne5 7. dxe4 dxe4 8. Be2 c5 9. N4b3 Nd3+ 10. Bxd3 Qxd3 11. Qe2 Qxe2+ 12. Kxe2 b6 13. f3 Bb7 14. a4 a5 15.
Kf2 O-O-O 16. Nc4 Kc7 17. Nbd2 Be7 18. Ne5 Rhf8 19. Ndc4 Nd5 20. Nd2 exf3 21. gxf3 Bh4+ 22. Ke2 Rde8 23. Nec4 Nf4+ 24. Kf1 Nd3 25. e4 Bg5 26.
Kg2 Ba6 27. b3 Bxc4 28. Nxc4 Nxc1 29. Raxc1 Bxc1 30. Rxc1 Rd8 31. Rc2 Rd1 32. Kf2 Rdd8 33. Ne3 Kc6 34. Nd5 Rfe8 35. c4 Re6 36. Ke3 Rg6 37.
Ne7+ Kc7 38. Nxg6 hxg6 39. Rg2 Rd1 40. Rb2 Rh1 41. Kd3 Rf1 42. Ke2 Rc1 43. Kf2 Kd6 44. Kg3 Ke6 45. Rd2 Rc3 46. Rb2 g5 47. h3 f6 48. Kg4 Ke5 49. Kg3 g6 50. Rb1 f5 51. exf5 gxf5 52. Re1+ Kf6 53. Rb1 Rd3 54. Rb2 Ke5 55. Rb1 Kd4 56. Kg2 Kc3 57. h4 gxh4 58.
Re1 Kxb3 59. Re5 Kxa4 60. Re6 Rb3 61. Rf6 Rb4 62. Rxf5 Rxc4 63. Rf6 b5 64. Kh3 b4 65. f4 b3 66. f5 b2 67. Rb6 Rb4 0-1

[Event "*** Titled Tuesday Blitz"]
[Site "Chess.com"]
[Date "2020.11.03"]
[Round "11"]
[White "DinaBelenkaya"]
[Black "Michaelson_11"]
[Result "0-1"]
[WhiteElo "2315"]
[BlackElo "2161"]
[TimeControl "180+1"]
[EndTime "12:11:32 PST"]
[Termination "Michaelson_11 won on time"]

1. e4 c5 2. b4 cxb4 3. a3 Nc6 4.
axb4 Nxb4 5. Nf3 d6 6. c3 Nc6 7. d4 g6 8. Bb5 Bd7 9. O-O Bg7 10. Nbd2 Nf6 11. c4 O-O 12. d5 Nb8 13. Bb2 Bxb5 14.
cxb5 Nbd7 15. Bd4 b6 16. Qc2 Nc5 17. Qb2 Qd7 18. Ra3 Rfc8 19. Rfa1 Qg4 20. h3 Qf4 21. Be3 Nxd5 22. Bd4 Bxd4 23. Qxd4 Nf6 24. Rxa7 Rxa7 25. Rxa7 Nfxe4 26. Rxe7 Qf6 27. Rxe4 Nxe4 28. Qxe4 Rc1+ 29. Kh2 Rc5 30. Qe8+ Kg7 31. Ne4 Qf4+ 32. Ng3 Rc2 33. Qe1 h5 34. h4 g5 35. Nxg5 Qxh4+ 36. Nh3 Qg4 37. Qa1+ f6 38. Qe1 Rc7 39. Ne4 Re7 40.
f3 Qg6 41. Qh4 d5 42. Nf4 Qf5 43. Nxh5+ Kf8 44. Nexf6 Rf7 45. Qg3 Rxf6 46. Nxf6 Qxf6 47. Qb8+ Kf7 48. Qc7+ Kg6 49. Qg3+ Kf7 50. Kg1 Ke6 51.
Qg4+ Ke7 52. Qg8 Kd6 53. Qb8+ Kc5 54. Qe8 d4 55. Kf2 d3 56. Qh5+ Kc4 0-1

[Event "*** Titled Tuesday Blitz"]
[Site "Chess.com"]
[Date "2020.11.03"]
[Round "11"]
[White "Ashedu66"]
[Black "JiiHart"]
[Result "1-0"]
[WhiteElo "2238"]
[BlackElo "2081"]
[TimeControl "180+1"]
[EndTime "12:11:35 PST"]
[Termination "Ashedu66 won by checkmate"]

1. d4 Nf6 2. Nf3 e6 3. c4 c5 4. d5 exd5 5. cxd5 d6 6. Nc3 g6 7. e4 Bg7 8. h3 O-O 9. Bd3 b5 10. O-O b4 11. Ne2 Ba6 12. Ng3 Re8 13. Re1 c4 14. Bc2 Nbd7 15. Nd4 Qc7 16. Be3 Nc5 17. f3 Nfd7 18. f4 b3 19. axb3 cxb3 20.
Bb1 Rab8 21. Bf2 Rb4 22. Nc6 Rb6 23. Qd2 h5 24. e5 h4 25. Ne4 dxe5 26. Nxc5 Nxc5 27.
Bxc5 Rxc6 28. dxc6 Bb5 29. Bf2 Qxc6 30. Be4 Qd7 31. Qxd7 Bxd7 32. Rxa7 Bf5 33. Bxf5 gxf5 34. fxe5 Bxe5 35. Ra5 f6 36. Ra7 Rc8 37. Rb7 Rc2 38.
Rxb3 Rxb2 39. Rxb2 Bxb2 40. Rb1 Be5 41. Bxh4 Kf7 42. Kf1 Ke6 43. Rb7 Kd5 44. Rb6 Ke4 45. Rb7 Kf4 46. Re7 Ke3 47. Rxe5+ fxe5 48. Ke1 Kf4 49. Kf2 e4 50. g3+ Ke5 51. Ke3 Kd5 52. Bg5 Ke5 53. h4 Ke6 54. Kf4 Kf7 55. Kxf5 e3 56.
Bxe3 Kg7 57. g4 Kh7 58. h5 Kg8 59. g5 Kh7 60. g6+ Kg8 61. h6 Kh8 62. Bd4+ Kg8 63. Ke6 Kf8 64. h7 Ke8 65. h8=Q# 1-0

[Event "*** Titled Tuesday Blitz"]
[Site "Chess.com"]
[Date "2020.11.03"]
[Round "11"]
[White "Keures"]
[Black "Everyfishknows"]
[Result "1/2-1/2"]
[WhiteElo "2327"]
[BlackElo "2399"]
[TimeControl "180+1"]
[EndTime "12:11:36 PST"]
[Termination "Game drawn - insufficient material"]

1. d4 Nf6 2. c4 e6 3. Nc3 Bb4 4. Qc2 O-O 5. a3 Bxc3+ 6. Qxc3 b6 7. Bg5 Ba6 8. Nf3 d6 9. Nd2 Nbd7 10. f3 h6 11. Bh4 c5 12. e3 Rc8 13. Bd3 Qe7 14. O-O cxd4 15. exd4 d5 16. b3 g5 17. Bf2 Nh5 18.
g3 Qf6 19. Rac1 Bb7 20. c5 bxc5 21. dxc5 Qxc3 22. Rxc3 Ne5 23. Be2 Nf6 24. b4 Rfd8 25.
Nb3 g4 26. f4 Nc4 27. Bxc4 dxc4 28. Rxc4 Ba6 29. Rd4 Bxf1 30. Kxf1 Rxd4 31. Bxd4 Nd5 32.
Ke2 f6 33. Kd3 Kf7 34. Kc4 a6 35. a4 Nb6+ 36. Kd3 Nxa4 37. Na5 Ke7 38. Nc4 h5 39. Kc2 e5 40. fxe5 fxe5 41. Bxe5 Ke6 42. Bf4 Kd5 43. Kb3 Nxc5+ 44. bxc5 Rxc5 45. Nb6+ Ke4 46. Nc4 Rb5+ 47. Kc3 Rb7 48. Nd6+ Kf3 49. Nxb7 Kg2 50. Kb4 Kxh2 51. Kc3 Kh3 52. Kd3 h4 53. gxh4 Kxh4 54. Ke2 g3 55. Kf1 Kg4 56. Bd6 Kf3 57. Kg1 Ke4 58.
Bc7 Kd5 59. Kg2 Kc6 60. Bd8 Kxb7 61. Kxg3 Kc6 62. Kf3 Kb5 63. Ke3 Kc4 64. Kd2 Kb3 65.
Kc1 a5 66. Bxa5 1/2-1/2

[Event "*** Titled Tuesday Blitz"]
[Site "Chess.com"]
[Date "2020.11.03"]
[Round "11"]
[White "esapunov"]
[Black "Susal_De_Silva"]
[Result "1-0"]
[WhiteElo "2638"]
[BlackElo "2527"]
[TimeControl "180+1"]
[EndTime "12:11:42 PST"]
[Termination "esapunov won by checkmate"]

1. c4 e5 2. Nf3 Nc6 3. Nc3 Nf6 4. e3 Bb4 5. Qc2 O-O 6. Nd5 Bc5 7. a3 a5 8. Bd3 h6 9. b3 d6 10. Nxf6+ Qxf6 11.
Bb2 Bg4 12. Be4 Qe7 13. h3 Bh5 14. O-O f5 15. Bxf5 Bxf3 16. Bh7+ Kh8 17. gxf3 Qg5+ 18. Kh2 Rxf3 19. Be4 Rf7 20. d3 Raf8 21. Qe2 Qh4 22. f3 Ne7 23. Rg1 Nf5 24. Bc1 c6 25. Bd2 Qd8 26. b4 Ba7 27. Raf1 Nh4 28. Rg4 d5 29.
cxd5 cxd5 30. Bxd5 Qxd5 31. Rxh4 Rxf3 32. Rxf3 Rxf3 33. Re4 Qf7 34. Kg2 Rf5 35. bxa5 Bb8 36. Bb4 Qg6+ 37. Rg4 Qc6+ 38. e4 Rf7 39. Rg3 Qf6 40. Rf3 Qg5+ 41. Kh2 Rd7 42. Qg2 Qd8 43. Rf8+ Qxf8 44. Bxf8 Rf7 45. Bb4 Ba7 46. Qg6 Rf2+ 47.
Kg3 Rf6 48. Qe8+ Kh7 49. Qxe5 Bf2+ 50. Kg2 Be3 51. Bc3 Rf2+ 52. Kg3 Rf6 53. Qd5 Rg6+ 54. Kf3 Bg5 55. Qf5 Bh4 56. e5 h5 57. Qxh5+ Rh6 58.
Qf5+ Kg8 59. e6 Bf6 60. Bb4 Rh4 61. e7 Kf7 62. Qd7 Rd4 63. e8=Q# 1-0

[Event "*** Titled Tuesday Blitz"]
[Site "Chess.com"]
[Date "2020.11.03"]
[Round "11"]
[White "PattyCastillo"]
[Black "Happy1712Drummer"]
[Result "1-0"]
[WhiteElo "1949"]
[BlackElo "2159"]
[TimeControl "180+1"]
[EndTime "12:11:46 PST"]
[Termination "PattyCastillo won on time"]

1. d4 Nf6 2. Nf3 d6 3. Nc3 g6 4.
e4 Bg7 5. Be3 Bg4 6. Be2 Bxf3 7.
Bxf3 c6 8. Qd2 Nfd7 9. Bh6 O-O 10. h4 e5 11. Bxg7 Kxg7 12. h5 Qe7 13. hxg6 fxg6 14.
Qh6+ Kg8 15. O-O-O Qg7 16. Qe3 Na6 17. d5 Qe7 18.
Rh3 Rf7 19. Rdh1 Nf8 20. Bg4 Nc5 21. f3 a5 22. Rh6 Qf6 23. Kb1 Qf4 24. Qe2 Qg5 25.
Qc4 b5 26. Nxb5 cxb5 27. Qxb5 Raa7 28. Qc6 Rad7 29. Bxd7 Rxd7 30. g4 Qe7 31. Qb5 Rc7 32.
Qxa5 Rb7 33. Qd2 Kg7 34. Qh2 Kg8 35. Qh4 Qf7 36. Qh3 Qc7 37. g5 Na4 38. b3 Qc3 39. Kc1 Qb2+ 40. Kd1 Qd4+ 41. Ke1 Nc3 42. Qg2 Qe3+ 43.
Kf1 Nb5 44. Qf2 Qf4 45. Kg2 Nd4 46. Qd2 Qxf3+ 47. Kg1 Qxe4 48. c4 Nf3+ 49. Kf2 Nxd2 50. R1h3 Qf4+ 51. Ke2 Ne4 52. R6h4 Qxg5 53. Rxe4 Qf5 54.
Ree3 Rf7 55. Rhf3 Qxf3+ 56. Rxf3 Rxf3 57. Kxf3 Nd7 58. a4 Kf7 59. a5 Nc5 60. b4 Na6 61. b5 Nc5 62. a6 Ke7 63. a7 1-0

[Event "*** Titled Tuesday Blitz"]
[Site "Chess.com"]
[Date "2020.11.03"]
[Round "11"]
[White "ajdemipopushi"]
[Black "VladaSviridova"]
[Result "1-0"]
[WhiteElo "2374"]
[BlackElo "2272"]
[TimeControl "180+1"]
[EndTime "12:11:53 PST"]
[Termination "ajdemipopushi won by checkmate"]

1. Nf3 d5 2. g3 Nf6 3. c4 c6 4. Bg2 dxc4 5. O-O Nbd7 6. Na3 Nb6 7. Qc2 g6 8. Nxc4 Nxc4 9. Qxc4 Bg7 10. d3 O-O 11. Qb3 Qb6 12. Qc2 Nd5 13. a3 a5 14.
Rb1 Rd8 15. e4 Nf6 16. Be3 Qb5 17. Rfd1 a4 18. d4 Bg4 19. h3 Be6 20. Nd2 Bb3 21.
Nxb3 axb3 22. Qd3 Qxd3 23. Rxd3 c5 24. Rc1 cxd4 25. Rxd4 Rxd4 26. Bxd4 Rd8 27. Be3 Nd7 28. Rc7 Bxb2 29. Rxb7 Bxa3 30. Rxb3 Bc5 31. Bg5 f6 32. Bc1 Ne5 33. Rc3 Rd1+ 34. Bf1 Bd4 35. Rc8+ Kg7 36.
Kg2 h5 37. Rc7 Kf8 38. Ba3 Rd2 39. Bxe7+ Ke8 40. Bb5+ Nd7 41. Rxd7 Rxf2+ 42. Kh1 Rb2 43. Rxd4+ Kxe7 44. Bd3 Rb3 45. Kg2 g5 46. Kf3 Rb2 47.
h4 g4+ 48. Kf4 Rf2+ 49. Ke3 Rf3+ 50. Kd2 Rxg3 51. Rd5 Rg2+ 52. Be2 g3 53. Ke3 Rh2 54. Bxh5 g2 55. Kf2 Rxh4 56. Kxg2 Rxe4 57. Bf3 Re5 58. Rd3 Ke6 59. Kg3 Ke7 60. Kf4 Ke6 61. Ra3 Ke7 62. Ra6 Kf7 63. Bg4 Kg6 64. Bf3 Rc5 65.
Be4+ Kf7 66. Bf5 Ke7 67. Ra7+ Kf8 68. Bg6 Kg8 69. Rf7 Rb5 70. Rxf6 Kg7 71. Rc6 Rb4+ 72. Be4 Rb5 73. Bf5 Rb4+ 74. Kg5 Rb2 75. Rc7+ Kf8 76. Kf6 Rb6+ 77. Be6 Rb8 78. Rh7 Ke8 79. Rh8# 1-0

[Event "*** Titled Tuesday Blitz"]
[Site "Chess.com"]
[Date "2020.11.03"]
[Round "11"]
[White "Goryachkina"]
[Black "fyall777"]
[Result "1-0"]
[WhiteElo "2597"]
[BlackElo "2458"]
[TimeControl "180+1"]
[EndTime "12:11:54 PST"]
[Termination "Goryachkina won on time"]

1. e4 c5 2. Nf3 d6 3. c3 Nf6 4.
Be2 Nbd7 5. d3 g6 6. O-O Bg7 7. Re1 O-O 8. Bf1 b6 9. d4 Bb7 10. d5 a6 11. a4 Rb8 12. Na3 Qc8 13. h3 Ba8 14. Bf4 Ne8 15. e5 dxe5 16. Nxe5 Nxe5 17. Bxe5 Bxe5 18. Rxe5 Nf6 19. c4 Rb7 20. Qe2 Qd7 21. b3 Qd6 22. Re1 Re8 23. Qe3 Rd7 24. Qg3 Kg7 25.
Nc2 e6 26. dxe6 Rxe6 27. Rxe6 fxe6 28. Qxd6 Rxd6 29. Ne3 Ne4 30. Be2 Nd2 31. Rd1 Rd4 32. Nc2 Rd7 33. Ne3 Bc6 34. Bg4 Kf6 35. Re1 h5 36.
Be2 Nxb3 37. Rb1 Bxa4 38. Bd1 Rd3 39. Bc2 Rc3 40. Rb2 b5 41. cxb5 axb5 42. Nd1 Rxc2 43. Rxc2 c4 44. Nc3 Nc5 45. Rb2 Nd3 46. Rb1 Bc2 47.
Rxb5 Bb3 48. f3 Nf4 49. Ne4+ Ke7 50. Kf2 h4 51. g3 Nd3+ 52. Ke3 hxg3 53. Nxg3 e5 54.
Ne4 Ke6 55. Rb6+ Ke7 56. Rxg6 Nf4 57. Rh6 Ng2+ 58. Kd2 Nf4 59. h4 Ba4 60. Rh7+ Kf8 61. h5 Kg8 62. Rh6 Kg7 63. Ra6 Bb5 64. h6+ Kh7 65. Rb6 Be8 66. Ng5+ Kg8 67. h7+ Kg7 68. Rb7+ Kh8 69. Rb8 1-0

[Event "*** Titled Tuesday Blitz"]
[Site "Chess.com"]
[Date "2020.11.03"]
[Round "11"]
[White "MoreChessJulia"]
[Black "LubovMarkelova"]
[Result "1/2-1/2"]
[WhiteElo "2076"]
[BlackElo "2229"]
[TimeControl "180+1"]
[EndTime "12:11:55 PST"]
[Termination "Game drawn by stalemate"]

1. d4 d5 2. c4 c6 3. Nf3 Nf6 4. Nc3 e6 5. e3 Nbd7 6. Bd3 dxc4 7. Bxc4 b5 8. Bd3 Bd6 9. a3 a5 10. e4 e5 11. d5 cxd5 12. Nxb5 Qb6 13. Nxd6+ Qxd6 14. Bc2 d4 15. O-O O-O 16. Bd3 Nc5 17.
Re1 a4 18. Bg5 Nb3 19. Rb1 Bg4 20. h3 Bh5 21. g4 Nxg4 22. hxg4 Bxg4 23. Be2 Qg6 24. Bh4 f5 25. Nxe5 Qh5 26. Bxg4 fxg4 27. Bg3 Rf3 28. Qe2 d3 29. Qf1 Nd2 30. Qg2 Nxb1 31. Rxb1 Rf6 32. Rd1 Rd8 33. Rxd3 Rxd3 34. Nxd3 Qb5 35. Qf1 Rf3 36. Nb4 Qc5 37. e5 Rxg3+ 38.
Kh2 Rh3+ 39. Kg2 Qd4 40. Qe2 Rf3 41. e6 Kf8 42. Nc2 Qxb2 43. Qe4 Qf6 44. Qa8+ Ke7 45. Qb7+ Kxe6 46. Qc8+ Kf7 47. Qxg4 Qg6 48. Qxg6+ Kxg6 49. Kxf3 h5 50. Ke3 Kf5 51. f4 h4 52. Ne1 Kg4 53. Nf3 Kg3 54. Ng5 h3 55. Nxh3 Kxh3 56. Ke4 Kg4 57. Ke5 g6 58. Kf6 Kxf4 59. Kxg6 Ke4 60.
Kf6 Kd4 61. Ke6 Kc3 62. Kd5 Kb3 63. Kd4 Kxa3 64. Kc3 Ka2 65. Kc2 Ka3 66. Kc1 Ka2 67. Kc2 a3 68. Kc1 Ka1 69. Kc2 a2 70. Kc1 1/2-1/2

[Event "*** Titled Tuesday Blitz"]
[Site "Chess.com"]
[Date "2020.11.03"]
[Round "11"]
[White "DenisQ"]
[Black "jacky72"]
[Result "1/2-1/2"]
[WhiteElo "2652"]
[BlackElo "2541"]
[TimeControl "180+1"]
[EndTime "12:11:58 PST"]
[Termination "Game drawn by stalemate"]

1. Nf3 Nf6 2. c4 g6 3. Nc3 Bg7 4. g3 O-O 5. Bg2 d6 6. O-O Nc6 7. Rb1 a5 8. a3 e5 9. b4 axb4 10.
axb4 Re8 11. b5 Nd4 12. d3 Ne6 13. Ng5 Nc5 14. Nge4 Nfxe4 15. Nxe4 Ne6 16. Bb2 c6 17. bxc6 bxc6 18. Qc2 d5 19. cxd5 cxd5 20. Nc5 Nxc5 21. Qxc5 Be6 22. Rfc1 Qa5 23. Qxa5 Rxa5 24. Bc3 Ra2 25. Rb2 Rea8 26. Rxa2 Rxa2 27. Ra1 Rxa1+ 28. Bxa1 f5 29. f4 e4 30. Bxg7 Kxg7 31. d4 h6 32.
Kf2 g5 33. e3 Kf6 34. Bf1 Ke7 35. Ke1 Kd6 36. fxg5 hxg5 37. h4 gxh4 38. gxh4 Ke7 39. Kf2 f4 40. exf4 Kf6 41. Kg3 Bf7 42. Bh3 Bh5 43. Bc8 e3 44. Bb7 e2 45. Kf2 Kf5 46. Ba6 Kxf4 47. Bxe2 Bg6 48. Bf3 Bf7 49. Ke2 Be6 50. h5 Bg8 51. Bg2 Kg5 52. Bf3 Kf4 53. Kf2 Kf5 54. Kg3 Kg5 55. Kf2 Kf4 56. Bh1 Kg5 57.
Bf3 Kf4 58. Ke2 Kg5 59. Ke3 Bf7 60. Kd3 Bxh5 61. Bxd5 Kf5 62. Kc4 Kf6 63. Kc5 Ke7 64. Be4 Kd8 65. Kd6 Be8 66. Ke6 Ba4 67. Bd3 Bb3+ 68.
Kd6 Ba2 69. Bf5 Bg8 70. Be6 Bh7 71. Ke5 Bc2 72. d5 Bb3 73. d6 Bxe6 74. Kxe6 Ke8 75.
d7+ Kd8 76. Kd6 1/2-1/2

[Event "*** Titled Tuesday Blitz"]
[Site "Chess.com"]
[Date "2020.11.03"]
[Round "11"]
[White "GameOverBro"]
[Black "davigator"]
[Result "1-0"]
[WhiteElo "2529"]
[BlackElo "2384"]
[TimeControl "180+1"]
[EndTime "12:11:59 PST"]
[Termination "GameOverBro won on time"]

1. e4 c5 2. Ne2 Nc6 3. Nbc3 Nf6 4.
g3 d6 5. Bg2 g6 6. d4 cxd4 7. Nxd4 Nxd4 8. Qxd4 Bg7 9. O-O O-O 10.
a4 a6 11. Bg5 Be6 12. Qd2 Rc8 13. Rfe1 Re8 14. h3 Nd7 15. Ra3 Qb6 16. Rb1 Bd4 17.
a5 Qa7 18. Nd5 Bxd5 19. exd5 f6 20. Be3 Bxe3 21. Rxe3 Qc5 22. Re2 Ne5 23. b3 Qc3 24. Qxc3 Rxc3 25. f4 Nd7 26. Kf2 Kf7 27. Be4 f5 28.
Bd3 Rc5 29. Ra1 Nf6 30. Bc4 Nxd5 31. Rd1 e6 32. Bxd5 exd5 33. Red2 Rec8 34. Rxd5 Rxc2+ 35.
Ke3 R2c3+ 36. R1d3 Rxd3+ 37. Kxd3 Ke6 38. Rd4 d5 39.
Rb4 Rc7 40. Rb6+ Kd7 41. Kd4 Kc8 42. g4 fxg4 43. hxg4 Rf7 44. Ke5 Kc7 45. f5 gxf5 46. gxf5 d4 47. f6 d3 48. Rd6 Rd7 49. f7 Rxf7 50.
Rxd3 h5 51. Rh3 Rh7 52. Rh4 Kc6 53. b4 Kb5 54. Kd6 b6 55. axb6 Kxb6 56. Kd5 Kb5 57. Kd6 Rh6+ 58. Kd5 Rh8 59. Kd6 Rd8+ 60. Kc7 Rd5 61. Kb7 Rg5 62. Ka7 Rg7+ 63. Kb8 Kb6 64. Kc8 Rg5 65. Kd7 Kb5 66. Kd6 Rg4 67. Rxh5+ Kxb4 68. Kc6 a5 69. Rb5+ Ka4 70. Rd5 Rc4+ 71. Kb6 Rb4+ 72. Kc6 1-0

[Event "*** Titled Tuesday Blitz"]
[Site "Chess.com"]
[Date "2020.11.03"]
[Round "11"]
[White "UCantHandleDenker"]
[Black "Trickov"]
[Result "1-0"]
[WhiteElo "2476"]
[BlackElo "2318"]
[TimeControl "180+1"]
[EndTime "12:12:03 PST"]
[Termination "UCantHandleDenker won on time"]

1. Nf3 d5 2. g3 Nf6 3. Bg2 c6 4. c4 Bf5 5. b3 e6 6. Bb2 Nbd7 7.
O-O h6 8. d3 Bc5 9. Nbd2 O-O 10. a3 a5 11. Ra2 Qe7 12. Qa1 Rfd8 13. Bc3 b5 14. Nd4 Bxd4 15. Bxd4 bxc4 16. bxc4 Rab8 17. cxd5 cxd5 18. Rc2 Rdc8 19. Rfc1 Rxc2 20. Rxc2 e5 21.
Bc3 a4 22. Bb4 Qe8 23. e4 dxe4 24. dxe4 Be6 25. Qc1 Nb6 26. h3 Rc8 27. Rc3 Rxc3 28. Qxc3 Nfd7 29. Bf1 Qc8 30. Qxc8+ Nxc8 31. Bb5 Ncb6 32.
f3 f6 33. h4 Kf7 34. Kf2 Ke8 35.
Nb1 Bc4 36. Bc6 Bb3 37. Nc3 Kd8 38. Bb5 Kc7 39. Ba5 Kb7 40. Ke3 Nc5 41. Bb4 Ncd7 42. Kd3 Kc7 43. f4 exf4 44. gxf4 Bf7 45. Nxa4 Nxa4 46. Bxa4 Nb6 47. Bb5 g5 48. hxg5 fxg5 49. fxg5 hxg5 50. Kd4 g4 51. Be1 Be6 52. Bg3+ Kb7 53.
a4 Bd7 54. Bxd7 Nxd7 55. e5 Kc6 56. e6 Nb6 57. a5 Nc8 58. Ke5 Kb5 59. Be1 g3 60.
Bxg3 Kxa5 61. Kd5 Kb5 62. Bc7 Kb4 63. Bd8 Kb5 64. Bc7 Kb4 65. Kc6 1-0

[Event "*** Titled Tuesday Blitz"]
[Site "Chess.com"]
[Date "2020.11.03"]
[Round "11"]
[White "ShimanovAlex"]
[Black "AnishOnYoutube"]
[Result "0-1"]
[WhiteElo "2827"]
[BlackElo "2972"]
[TimeControl "180+1"]
[EndTime "12:12:04 PST"]
[Termination "AnishOnYoutube won on time"]

1. d4 Nf6 2. Bg5 e6 3. Nd2 h6 4. Bh4 c5 5. e3 cxd4 6. exd4 Be7 7. Bd3 Nc6 8. c3 b6 9. Ngf3 Bb7 10. Bxf6 Bxf6 11. Qe2 Be7 12. Ne4 Qc7 13. a4 O-O 14.
O-O Rae8 15. Ng3 Na5 16. Nd2 Bg5 17. Nde4 Bf4 18. b4 Nc6 19. Nd2 Ne7 20. c4 Nc6 21. Nf3 Nxb4 22. Be4 Bxg3 23. hxg3 Bxe4 24. Qxe4 Qxc4 25. Qb7 Qc6 26. Qxc6 Nxc6 27. d5 Nb4 28. dxe6 dxe6 29. a5 Nd5 30. axb6 axb6 31. Ne5 Re7 32. Rfb1 Rb7 33. Rb5 Rc8 34. Nd3 g6 35. Nf4 Rc5 36.
Rb3 Nxf4 37. gxf4 b5 38. Ra5 Kg7 39. g3 Kf6 40. Kg2 g5 41. fxg5+ hxg5 42. Kf3 Rd5 43. Ke4 Ke7 44. f4 gxf4 45. gxf4 Kd6 46. Ra6+ Kc5 47. Rc3+ Kb4 48. Raa3 Rbd7 49. Rcb3+ Kc5 50. Rc3+ Kb6 51. Ra8 Rb7 52. Rb3 Rc5 53. Rf8 Rc4+ 54. Ke5 Rc5+ 55. Ke4 Rc4+ 56. Ke5 b4 57. Rb1 Kb5 58. Rb2 Rc3 59. Rd8 b3 60. Rd4 Kc5 61. Ra4 Rc2 62. Rb1 Rb4 63. Ra5+ Kc4 64. Ra8 b2 65. Kf6 Kb3 66.
Kxf7 Rc1 67. Rxb2+ Kxb2 68. Kxe6 Rxf4 69. Rb8+ Kc3 70.
Rc8+ Rc4 71. Rc7 Re1+ 0-1

[Event "*** Titled Tuesday Blitz"]
[Site "Chess.com"]
[Date "2020.11.03"]
[Round "11"]
[White "CraiggoryC"]
[Black "Chamal_Gedgafov"]
[Result "1/2-1/2"]
[WhiteElo "2268"]
[BlackElo "2135"]
[TimeControl "180+1"]
[EndTime "12:12:04 PST"]
[Termination "Game drawn by repetition"]

1. e4 e6 2. d4 d5 3. e5 c5 4. c3 Nc6 5. Nf3 Qb6 6. a3 c4 7. Nbd2 Na5 8. g3 Bd7 9. Bg2 Ne7 10. O-O h6 11. h4 O-O-O 12. Re1 Nf5 13. Bh3 Be7 14.
Rb1 Kb8 15. b4 cxb3 16. Nxb3 Ba4 17. Nfd2 Bxb3 18. Nxb3 Nxb3 19. Rxb3 Qa6 20. Bxf5 exf5 21. e6 f6 22. Bf4+ Ka8 23. Qh5 g5 24. Qf7 Rde8 25. Bd2 f4 26. Reb1 fxg3 27. Rxb7 gxf2+ 28. Kxf2 Qxb7 29. Rxb7 Kxb7 30. c4 Kc6 31. Bb4 Bxb4 32. Qd7+ Kb6 33. axb4 dxc4 34. Qd6+ Kb5 35. Qc5+ Ka4 36.
Qxc4 Rb8 37. d5 Rxb4 38. Qa6+ Kb3 39. d6 Rf4+ 40. Ke3 Rb8 41. Qd3+ Ka4 42. d7 Rb6 43.
d8=Q Rxe6+ 44. Kd2 Rf2+ 45. Kc3 Rc6+ 46. Qc4+ Rxc4+ 47. Kxc4 Rf4+ 48. Kc5 Rxh4 49. Qxf6 Kb3 50. Kb5 Kc2 51. Ka6 Kd3 52. Kxa7 Ke4 53. Kb6 Ke3 54. Kc5 Kd3 55. Kd5 Ke3 56. Ke5 Kd3 57. Ke6 Ke3 58. Kd7 Kd3 59. Qg6+ Ke3 60. Ke7 Kf3 61. Kf7 Kg3 62. Kf6 Rf4+ 63. Ke5 Rh4 64. Kf5 Rf4+ 65. Ke5 Rh4 66. Qd3+ Kg2 67. Kf5 Kf2 68. Kg6 Kg2 69.
Qe3 Kh2 70. Qf3 Kg1 71. Qg3+ Kf1 72. Qf3+ Ke1 73. Qg3+ Ke2 74. Kh7 Kf1 75. Kg6 Ke2 76.
Kf5 Kd2 77. Ke5 Ke2 78. Kf5 Kd2 79. Kg6 Ke2 1/2-1/2